 Dungeon Crawl Stone Soup version 0.18-a0-1045-g4e042de (webtiles) character file.

1502 JokEr the Covert (level 8, -2/64 HPs)
             Began as a Vampire Assassin on Jan 9, 2016.
             Was a Follower of Yredelemnul.
             Slain by a gnoll
             ... wielding a +0 club
              (7 damage)
             ... on level 6 of the Dungeon on Jan 11, 2016.
             The game lasted 00:14:48 (6249 turns).

JokEr the Covert (Vampire Assassin)                 Turns: 6249, Time: 00:14:48

Health: -2/64      AC:  4    Str: 19    XL:     8   Next: 52%
Magic:  8/8        EV: 12    Int: 11    God:    Yredelemnul [*.....]
Gold:   230        SH:  0    Dex: 16    Spells: 0 memorised, 7 levels left

rFire  . . .     SeeInvis +     v - +8 spear of the Scavenger {venom, rElec Str+8 Int-3}
rCold  . . .     Gourm    .     c - +1 robe
rNeg   + . .     Faith    .     (no shield)
rPois  .         Spirit   .     (no helmet)
rElec  +         Dismiss  .     d - +0 cloak
rCorr  .         Reflect  .     (no gloves)
SustAt .         Harm     .     (no boots)
MR     .....                    (no amulet)
Stlth  +++++.....               (no ring)
                                (no ring)

@: about to teleport, not resistant to hostile enchantments, quite stealthy
A: fangs 3, see invisible, unbreathing
a: Bat Form, Animate Remains, Renounce Religion


You were on level 6 of the Dungeon.
You worshipped Yredelemnul.
Yredelemnul was aware of your devotion.
You were not thirsty.

You visited 2 branches of the dungeon, and saw 7 of its levels.

You collected 230 gold pieces.

Inventory:

Hand Weapons
 b - a +0 blowgun
 i - a +3 short sword of electrocution
 v - the +8 spear of the Scavenger (weapon) {venom, rElec Str+8 Int-3}
   (You found it on level 4 of the Dungeon)

   It poisons the flesh of those it strikes.
   It affects your strength (+8).
   It affects your intelligence (-3).
   It insulates you from electricity.
Missiles
 e - 89 poisoned needles
 f - 2 curare-tipped needles
Armour
 c - a +1 robe (worn)
 d - a +0 cloak (worn)
Jewellery
 j - a cursed amulet of inaccuracy
 z - a cursed -5 ring of intelligence {unknown}
Wands
 r - a wand of digging (16/24)
 D - a wand of polymorph (14/24)
Scrolls
 a - 4 scrolls of identify
 q - 2 scrolls of teleportation
 w - a scroll of recharging
 y - a scroll of acquirement {unknown}
 A - a scroll of fog {unknown}
 C - a scroll of remove curse {unknown}
 E - 2 scrolls of random uselessness {unknown}
Potions
 g - 9 potions of blood
 h - 2 potions of heal wounds {unknown}
 k - 3 potions of agility {unknown}
 l - a potion of beneficial mutation {unknown}
 m - 2 potions of curing {unknown}
 n - 4 potions of ambrosia {unknown}
 o - a potion of poison {unknown}
 p - 2 potions of brilliance {unknown}
 s - a potion of lignification {unknown}
 t - a potion of magic {unknown}
 u - a potion of degeneration {unknown}
 x - 2 potions of cure mutation {unknown}
 B - a potion of resistance {unknown}


   Skills:
 + Level 5.8 Fighting
 - Level 5.7 Short Blades
 + Level 3.0 Polearms
 - Level 1.5 Throwing
 - Level 1.1 Dodging
 + Level 11.1 Stealth


You had 7 spell levels left.
You didn't know any spells.

Dungeon Overview and Level Annotations

Branches:
Dungeon (6/15)             Temple (1/1) D:4

Altars:
Ashenzari
Cheibriados
Elyvilon
Fedhas
Gozag
Nemelex Xobeh
Okawaru
Pakellas
Qazlal
Sif Muna
Trog
Vehumet
Xom
Yredelemnul
Zin

Shops:
D:4 [


Innate Abilities, Weirdness & Mutations

You have razor-sharp teeth.
You have supernaturally acute eyesight.
You can survive without breathing.


Message History

The gnoll sergeant hits you from afar with a spear!
* * * LOW HITPOINT WARNING * * *
A gnoll comes into view. It is wielding a club.
Drink which item? (? for menu, Esc to quit)
Okay, then.
Read which item? (? for menu, Esc to quit)
As you read the scroll of teleportation, it crumbles to dust.
You feel strangely unstable. The gnoll hits you with a club.
* * * LOW HITPOINT WARNING * * *
The gnoll sergeant hits you from afar with a spear.
* * * LOW HITPOINT WARNING * * *
You hit the gnoll but do no damage.
The gnoll is poisoned.
The gnoll misses you.
The gnoll sergeant hits you from afar with a spear.
* * * LOW HITPOINT WARNING * * *
You puncture the gnoll!
The gnoll looks even sicker.
The gnoll is almost dead.
The gnoll hits you with a club!
You die...
Yredelemnul claims you as an undead slave.

######..## #.......##
###.##...##. #########
#....#...##. ........#
#.#.......#.
........#####
#.#..#.#....
.$......#...#
#######.#..#.#.###
........#g#
#..g.#.....#......
........#)#
#@##.#..##.###....
#.#g#### #g##g#.....#
##### #.#....#
..##.#..#### ##
#.#..#.######g#.## #.
#.#..#.# #.#.# #. #
#....#.######g#.# #####.
# ###......gg...#<#
#..... #
#...##........#รท###
##.....
#######.#.##........#...#
#......


You could see a gnoll sergeant and a gnoll.

Vanquished Creatures
  Prince Ribbit (D:6)
  Grinder (D:3)
  Sigmund (D:3)
  3 ogres
  A jelly (D:5)
  A quasit (D:6)
  2 hounds
  A giant frog skeleton (D:4)
  2 orc priests (D:4)
  Jessica (D:2)
  Terence (D:2)
  An iguana (D:4)
  4 orc wizards
  Ijyb (D:3)
  4 worker ants
  A worker ant zombie (D:3)
  2 gnolls (D:6)
  6 adders
  2 worms
  A giant gecko (D:1)
  12 orcs
  5 ball pythons
  7 bats
  6 giant cockroaches
  11 goblins
  4 hobgoblins
  7 jackals
  6 kobolds
  4 quokkas
  6 giant newts
  A quokka skeleton (D:4)
  6 rats
112 creatures vanquished.

Vanquished Creatures (others)
  A hobgoblin (D:1)
  A giant newt (D:1)
2 creatures vanquished.

Grand Total: 114 creatures vanquished

Notes
Turn   | Place    | Note
--------------------------------------------------------------
     0 | D:1      | JokEr the Vampire Assassin began the quest for the Orb.
     0 | D:1      | Reached XP level 1. HP: 16/16 MP: 1/1
   141 | D:1      | Reached skill level 6 in Stealth
   211 | D:1      | Reached XP level 2. HP: 22/22 MP: 2/2
   388 | D:1      | Upgraded the game from 0.18-a0-1035-g72c9994 to 0.18-a0-1045-g4e042de
   928 | D:2      | Reached XP level 3. HP: 27/27 MP: 3/3
  1097 | D:2      | Found a shimmering altar of Xom.
  1192 | D:2      | Noticed Terence
  1200 | D:2      | Killed Terence
  1200 | D:2      | Reached skill level 7 in Stealth
  1200 | D:2      | Reached XP level 4. HP: 32/34 MP: 4/4
  1272 | D:2      | Noticed Jessica
  1275 | D:2      | Killed Jessica
  1352 | D:2      | Found a stormy altar of Qazlal.
  1696 | D:3      | Noticed Ijyb
  1712 | D:3      | Killed Ijyb
  1712 | D:3      | Reached XP level 5. HP: 10/40 MP: 5/5
  2272 | D:3      | Noticed Grinder
  2279 | D:3      | Killed Grinder
  2279 | D:3      | Reached skill level 8 in Stealth
  2279 | D:3      | Reached XP level 6. HP: 46/48 MP: 6/6
  2280 | D:3      | Noticed Sigmund
  2287 | D:3      | Killed Sigmund
  2287 | D:3      | Reached skill level 5 in Short Blades
  2287 | D:3      | Reached skill level 9 in Stealth
  2287 | D:3      | Reached XP level 7. HP: 52/54 MP: 7/7
  3332 | D:4      | Found a staircase to the Ecumenical Temple.
  3345 | Temple   | Entered the Ecumenical Temple
  3386 | Temple   | Became a worshipper of Yredelemnul the Dark
  3606 | D:4      | Found Teeryvak's Antique Armour Boutique.
  3724 | D:4      | Got a crystal spear
  3725 | D:4      | Identified the +8 spear of the Scavenger {venom, rElec Str+8 Int-3} (You found it on level 4 of the Dungeon)
  4010 | D:4      | Reached skill level 10 in Stealth
  4351 | D:4      | Reached skill level 1 in Polearms
  4591 | D:5      | Entered Level 5 of the Dungeon
  4752 | D:5      | Reached skill level 5 in Fighting
  4907 | D:5      | Reached XP level 8. HP: 7/62 MP: 8/8
  5919 | D:6      | Noticed Prince Ribbit
  5944 | D:6      | Killed Prince Ribbit
  6074 | D:6      | Reached skill level 11 in Stealth
  6215 | D:6      | Reached * piety under Yredelemnul
  6249 | D:6      | Slain by a gnoll

Vault maps used:
D:1:      tarquinn_simple_flora_water_d, hangedman_decor_push,
          lemuel_flame_loot_1
D:2:      nicolae_qazlal_general_emergency, nicolae_overflow_crystal_walls,
          uniq_terence, uniq_jessica
D:3:      uniq_iyjb, uniq_sigmund, uniq_grinder
D:4:      minmay_temple_entry_junction, serial_shops, shop, first_bread
D:6:      uniq_prince_ribbit1
Temple:   nicolae_temple_god_jail

Action                   |  1- 3 |  4- 6 |  7- 9 || total
-------------------------+-------+-------+-------++-------
Melee: Short sword       |    70 |    68 |    78 ||   216
       Dagger            |     3 |       |       ||     3
       Spear             |       |       |    67 ||    67
  Use: Potion            |     1 |     3 |    13 ||    17
       Scroll            |       |     7 |     4 ||    11
 Stab: Sleeping          |     7 |    12 |    21 ||    40
       Distracted        |     1 |       |     1 ||     2
